 Dungeon Crawl Stone Soup version 0.29-a0-819-g94b489e0ae (webtiles) character file.

Game seed: 7806723741187058995

6 DuloT34 the Spear-Bearer (level 1, 0/13 HPs)
             Began as a Gnoll Wanderer on July 6, 2022.
             Slain by a kobold
             ... wielding a +0 short sword
              (1 damage)
             ... on level 1 of the Dungeon.
             The game lasted 00:00:10 (34 turns).

DuloT34 the Spear-Bearer (Gnoll Wanderer)             Turns: 34, Time: 00:00:11

Health: 0/13       AC:  3    Str: 11    XL:     1   Next: 90%
Magic:  4/4        EV: 11    Int: 12    God:
Gold:   0          SH:  0    Dex: 10    Spells: 4/5 levels left

rFire   . . .      SeeInvis .   a - +2 spear
rCold   . . .      Faith    .   (no shield)
rNeg    . . .      Spirit   .   d - +0 robe
rPois   .          Reflect  .   b - +0 helmet
rElec   .          Harm     .   (no cloak)
rCorr   .          Rampage  .   (no gloves)
Will    .....                   (no boots)
Stlth   ++........              (no amulet)
HPRegen 0.04/turn               (no ring)
MPRegen 0.09/turn               (no ring)

@: no status effects
A: fangs 1, strong nose, distributed training
a: no special abilities


You were on level 1 of the Dungeon.
You visited 1 branch of the dungeon, and saw 1 of its levels.

Inventory:

Hand Weapons
 a - a +2 spear (weapon)
Armour
 b - a +0 helmet (worn)
 d - a +0 robe (worn)
Scrolls
 c - a scroll of blinking


   Skills:
 + Level 0.2 Fighting
 + Level 0.2 Short Blades
 + Level 0.2 Long Blades
 + Level 0.2 Axes
 + Level 0.2 Maces & Flails
 + Level 8.4 Polearms
 + Level 0.2 Staves
 + Level 0.2 Ranged Weapons
 + Level 0.2 Throwing
 + Level 2.4 Armour
 + Level 0.2 Dodging
 + Level 4.0 Stealth
 + Level 0.2 Shields
 + Level 0.2 Unarmed Combat
 + Level 2.6 Spellcasting
 + Level 3.6 Conjurations
 + Level 0.1 Hexes
 + Level 0.1 Summonings
 + Level 0.1 Necromancy
 + Level 0.1 Translocations
 + Level 0.1 Transmutations
 + Level 0.1 Fire Magic
 + Level 0.1 Ice Magic
 + Level 0.1 Air Magic
 + Level 0.1 Earth Magic
 + Level 0.1 Poison Magic
 + Level 0.3 Invocations
 + Level 0.2 Evocations


You had 4 spell levels left.
You knew the following spells:

 Your Spells              Type           Power      Damage    Failure   Level
a - Foxfire               Conj/Fire      24%        2x1d5     12%         1

Your spell library contained the following spells:

 Spells                   Type           Power      Damage    Failure   Level
 Conjure Flame            Conj/Fire      6%         6-21      34%         3


Dungeon Overview and Level Annotations

Branches:
Dungeon (1/15)

Altars:


Innate Abilities, Weirdness & Mutations

You have very sharp teeth.
Your uncanny sense of smell can sniff out nearby items.
Your experience applies equally to all skills.


Message History

You are too injured to fight recklessly!
You are too injured to fight recklessly!
You hit the jackal. Your bite misses the jackal.
The jackal is heavily wounded.
The jackal closely misses you.
You miss the jackal.
The jackal is heavily wounded.
The jackal bites you but does no damage.
You hit the jackal.
You kill the jackal!
A ball python comes into view.
Found a spear.
The ball python hisses angrily.
The dart slug misses you.
You see here a jackal corpse.
You hit the dart slug.
The dart slug is severely wounded.
A kobold comes into view. It is wielding a +0 short sword.
The kobold shouts!
You hit the dart slug.
You kill the dart slug!
The ball python bites you but does no damage.
The ball python barely misses you.
You see here a dart slug corpse.
The ball python misses you. x2
The kobold hits you with a +0 short sword.
* * * LOW HITPOINT WARNING * * *
The ball python bites you but does no damage.
The ball python closely misses you.
The kobold hits you with a +0 short sword.
* * * LOW HITPOINT WARNING * * *
The ball python closely misses you. x2
You see here a dart slug corpse.
The kobold attacks as you move away! The kobold completely misses you.
The ball python bites you but does no damage.
The ball python closely misses you.
You see here a jackal corpse.
The kobold attacks as you move away!
The kobold hits you with a +0 short sword.
You die...

.... #..# #..#
#..# #..#
.######## #..#
........#####S.#
....>.......@K.#
.#####.######.#
#..## #..) #...#
####.. ###.# ..#
#.# ## ###.## ..
#....## ...
#.....#...#


You could see a ball python and a kobold.

Vanquished Creatures
  A dart slug (D:1)
  2 jackals (D:1)
  A ball python (D:1)
4 creatures vanquished.

Notes
Turn   | Place    | Note
-------+----------+-------------------------------------------
     0 | D:1      | DuloT34 the Gnoll Wanderer began the quest for the Orb.
     0 | D:1      | DuloT34 set off with the following items: a +2 spear, a +0
                  | helmet, a scroll of blinking, a +0 robe; and the following
                  | spell memorised: Foxfire; and the following spells
                  | available to memorise: Conjure Flame.
     0 | D:1      | Reached XP level 1. HP: 13/13 MP: 4/4
    34 | D:1      | Slain by a kobold

Illustrated notes

Levels and vault maps discovered:
D:1:      elethiomel_arrival_shortcut, layout_loops_ring, minmay_fountain_box,
          st_stairs_12, nrook_campfire, lemuel_old_faithful

Action                   || total
-------------------------++-------
Melee: Spear             ||    14
       Bite              ||     1
Armor: Robe              ||     4
Dodge: Dodged            ||    12

Table legend: (Time is in decaauts)
 A = Elapsed time spent in this place.
 B = Non-inter-level travel time spent in this place.
 C = Inter-level travel time spent in this place.
 D = Time resting spent in this place.
 E = Time spent auto-exploring this place.
 F = Levels seen in this place.
 G = Mean time per level.
                   A        B        C        D        E       F      G
               +--------+--------+--------+--------+--------+-----+--------+
         Total |     29 |     29 |      0 |      0 |     10 |   1 |   29.0 |
       Dungeon |     29 |     29 |      0 |      0 |     10 |   1 |   29.0 |
               +--------+--------+--------+--------+--------+-----+--------+

Top non-repeatable levels by time:
     D:1: 29 daAuts
